 Dungeon Crawl Stone Soup version 0.31-a0-845-g9abc20d24f (webtiles) character file.

Game seed: 7255378414367024265

115 Revguard the Ruffian (level 4, -2/36 HPs)
             Began as a Draconian Shapeshifter on Oct 3, 2023.
             Slain by Terence
             ... wielding a +2 short sword of venom
              (3 damage)
             ... on level 3 of the Dungeon.
             The game lasted 00:04:52 (1790 turns).

Revguard the Ruffian (Draconian Shapeshifter)       Turns: 1790, Time: 00:04:54

Health: -2/36      AC:  5    Str: 17    XL:     4   Next: 68%
Magic:  4/4        EV: 12    Int: 10    God:
Gold:   137        SH:  0    Dex: 12    Spells: 3/3 levels left

rFire   . .          .
                       - Unarmed
rCold   . . .        (no shield)
rNeg    . . .        (body armour unavailable)
rPois   .            (helmet currently unavailable)
rElec   .            (cloak currently unavailable)
rCorr   .            (gloves currently unavailable)
SInv    .            (boots currently unavailable)
Will    .....        (no amulet)
Stlth   ++           (no ring)
HPRegen 0.26/turn    (no ring)
MPRegen 0.09/turn

%: no passive effects
@: lethally poisoned (-2 -> -32), beast-form
A: beast (slay +1), AC +5, unfitting armour, cold-blooded
a: Begin Untransformation


You were on level 3 of the Dungeon.
You were a hulking beast.
You visited 1 branch of the dungeon, and saw 4 of its levels.

You collected 137 gold pieces.

Inventory:

Talismans
 b - a beast talisman (active)
 c - a flux talisman
Wands
 k - a wand of flame (20)
Scrolls
 d - 5 scrolls of teleportation
 g - a scroll of amnesia
 j - a scroll of revelation {unknown}
 l - a scroll of noise {unknown}
Potions
 e - a potion of resistance {unknown}
 f - a potion of brilliance
 h - a potion of mutation
 i - a potion of invisibility {unknown}


   Skills:
 + Level 2.1 Fighting
 + Level 2.4 Dodging
 + Level 1.1 Stealth
 + Level 3.5 Unarmed Combat
 + Level 1.6 Evocations
 + Level 3.4 Shapeshifting


You had 3 spell levels left.
You didn't know any spells.
Your spell library contained the following spells:

 Spells                   Type           Power      Damage    Failure   Level
 Ensorcelled Hibernation  Hex/Ice        0%         N/A       50%         2
 Jinxbite                 Hex            0%         N/A       50%         2
 Anguish                  Hex/Necr       0%         N/A       98%         4


Dungeon Overview and Level Annotations

Branches:
Dungeon (4/15)
 Temple: D:4-7

Altars:

Annotations:
D:3 Terence


Innate Abilities, Weirdness & Mutations

You are a hulking beast.
Your limbs bulge with bestial killing power. (Slay +1)
Your plain brown scales are hard. (AC +5)
You cannot fit into any form of body armour.
You are cold-blooded and may be slowed by cold attacks.


Message History

Terence is heavily wounded.
You feel very sick.
The hobgoblin hits you but does no damage.
Terence looks scornfully at you.
Terence hits you with a +2 short sword of venom.
You are more poisoned.
Okay, then.
You closely miss Terence. You tail-slap Terence.
Terence is heavily wounded.
You feel very sick. The hobgoblin hits you.
Terence hits you with a +2 short sword of venom.
* * * LOW HITPOINT WARNING * * *
You are more poisoned.
Okay, then.
It was a potion of heal wounds.
You feel much better.
You feel very sick. The hobgoblin hits you.
Terence hits you with a +2 short sword of venom.
You are more poisoned.
You hit Terence but do no damage.
Terence is heavily wounded.
You feel very sick. The hobgoblin misses you.
Terence hits you with a +2 short sword of venom.
You are more poisoned.
You punch Terence!
Terence is almost dead.
You feel extremely sick. The hobgoblin barely misses you.
Terence hits you with a +2 short sword of venom.
* * * LOW HITPOINT WARNING * * *
You are more poisoned.
You barely miss Terence.
Terence is almost dead.
* * * LOW HITPOINT WARNING * * *
You feel extremely sick. The hobgoblin closely misses you.
Terence hits you with a +2 short sword of venom.
You die...

...#.......###.. ..
##.............. ..
##........#####..
####.###.....#.#...###..
.............#..........
...... #.............#
....###..#..........#
#..##.#................#
#.....@h..[##..........#
.......g...##.#####..###
...........##.# #..#
.###..........# ##..
....###...### .....
..#.# #.# #..... ..#.#
#.. #..... .....# ### ##


You could see Terence and a hobgoblin.

Vanquished Creatures
  3 gnolls (D:3)
  4 adders
  6 bats
  6 endoplasms
  2 giant cockroaches
  3 goblins
  4 hobgoblins
  2 kobolds (D:2)
  2 quokkas (D:1)
  5 ball pythons
  11 frilled lizards
  5 rats
53 creatures vanquished.

Notes
Turn   | Place    | Note
-------+----------+-------------------------------------------
     0 | D:1      | Revguard the Draconian Shapeshifter began the quest for the
                  | Orb.
     0 | D:1      | Reached XP level 1. HP: 16/16 MP: 1/1
   166 | D:1      | Reached XP level 2. HP: 23/23 MP: 2/2
   678 | D:2      | Reached skill level 1 in Evocations
   779 | D:2      | Found a faded altar of an unknown god.
   798 | D:2      | Reached XP level 3. HP: 23/29 MP: 3/3
  1079 | D:2      | You fall into a shaft and drop 2 floors!
  1180 | D:2      | Identified the +0 leather armour of Slovenliness {Dex+4
                  | SInv Stlth-}
  1198 | D:2      | Reached XP level 4. HP: 36/36 MP: 4/4
  1581 | D:3      | Reached skill level 1 in Stealth
  1775 | D:3      | Noticed Terence
  1790 | D:3      | HP: 1/36 [poisoned by Terence]
  1790 | D:3      | Slain by Terence

Illustrated notes

Levels and vault maps discovered:
D:1:      lightli_arrival_chessboard, layout_rooms, minmay_lizard_king
D:2:      layout_loops_corners, hellmonk_ecumenical_altar_slurped_away
D:3:      layout_rooms, zin_scriptorium, uniq_terence
D:4:      layout_basic

Skill      XL: |  1  2  3  4 |
---------------+-------------+-----
Dodging        | 2 |  2.4
Evocations     | 1 |  1.6
Fighting       | 2 |  2.1
Stealth        | 1 |  1.1
Unarmed Combat | |  3.5
Shapeshifting  | |  3.4

Action                     |  1- 3 |  4- 6 || total
---------------------------+-------+-------++-------
  Melee: Unarmed           |   116 |    31 ||   147
         Tailslap          |    15 |     4 ||    19
         Punch             |     1 |     1 ||     2
    Use: Scroll            |     4 |       ||     4
         Potion            |       |     2 ||     2
   Stab: Sleeping          |     1 |       ||     1
 Armour: Skin              |    51 |    28 ||    79
  Dodge: Dodged            |    77 |    14 ||    91

Table legend: (Time is in decaauts)
 A = Elapsed time spent in this place.
 B = Non-inter-level travel time spent in this place.
 C = Inter-level travel time spent in this place.
 D = Time resting spent in this place.
 E = Time spent auto-exploring this place.
 F = Levels seen in this place.
 G = Mean time per level.
                   A        B        C        D        E       F      G
               +--------+--------+--------+--------+--------+-----+--------+
         Total |   1783 |   1725 |     58 |    100 |   1234 |   4 |  445.8 |
       Dungeon |   1783 |   1725 |     58 |    100 |   1234 |   4 |  445.8 |
               +--------+--------+--------+--------+--------+-----+--------+

Top non-repeatable levels by time:
     D:2: 919 daAuts
     D:1: 587 daAuts
     D:3: 262 daAuts
     D:4: 14 daAuts
